 Dungeon Crawl Stone Soup version 0.30.1-4-g462c640d31 (webtiles) character file.

Game seed: 12550604389274893018

455690 Funkenregen the Slayer (level 23, -20/232 HPs)
             Began as a Minotaur Berserker on Aug 10, 2023.
             Was a High Priest of Trog.
             Demolished by a titan (37 damage)
             ... on level 5 of the Vaults on Aug 12, 2023.
             The game lasted 05:05:28 (109359 turns).

Funkenregen the Slayer (Minotaur Berserker)       Turns: 109359, Time: 05:05:29

Health: -20/232    AC: 35    Str: 36    XL:     23   Next: 27%
Magic:  22/22      EV: 20    Int:  4    God:    Trog [*****.]
Gold:   3781       SH: 23    Dex: 17    Spells: 22/22 levels left

rFire   + + .        d - +8 war axe "Muoruxen" {flame, rC+ Dex+2 SInv}
rCold   + + +        S - +2 tower shield
rNeg    . . .        y - +1 plate armour "Liexerul" {Str+6 SInv}
rPois   +            K - +1 hat
rElec   +            G - scarf {rC+ rF+}
rCorr   +            Y - +3 pair of gauntlets of War {Slay+5}
SInv    +            o - +2 pair of boots {Fly}
Will    +++..        j - amulet of regeneration Stlth
                     f - ring of poison resistance
HPRegen 2.38/turn    J - ring "Zodah" {*Slow AC+4 Dex+4}
MPRegen 0.18/turn

%: slow self (1%)
@: resistant, marked, flayed, strong-willed, on berserk cooldown, flying,
regenerating, slowed, unable to drink, very slow
A: horns 2, retaliatory headbutt, clumsy 1, inability to drink after injury 1
}: 2/15 runes: decaying, gossamer
a: Renounce Religion, Berserk, Trog's Hand, Brothers in Arms


You were on level 5 of the Vaults.
You worshipped Trog.
Trog was extremely pleased with you.
You visited 8 branches of the dungeon, and saw 42 of its levels.
You visited the Abyss 2 times.
You also visited: Gauntlet.

You collected 5322 gold pieces.
You spent 1541 gold pieces at shops.

Inventory:

Hand Weapons
 d - the +8 war axe "Muoruxen" (weapon) {flame, rC+ Dex+2 SInv}
   (You found it on level 2 of the Dungeon)

   Dex:       It affects your dexterity (+2).
   rC:        It protects you from cold.
   SInv:      It lets you see invisible.
 n - a +0 heavy mace
 M - a +5 heavy executioner's axe
Missiles
 b - 58 poisoned darts (quivered)
Armour
 o - a +2 pair of boots of flying (worn)
 y - the +1 plate armour "Liexerul" (worn) {Str+6 SInv}
   (You found it on level 5 of the Lair of Beasts)

   Str:       It affects your strength (+6).
   SInv:      It lets you see invisible.
 E - a +2 plate armour of fire resistance
 G - a scarf of resistance (worn)
 K - a +1 hat (worn)
 S - a +2 tower shield (worn)
 Y - the +3 pair of gauntlets of War (worn) {Slay+5}
   (You bought it in a shop on level 1 of the Elven Halls)

   Slay:      It affects your accuracy & damage with ranged weapons and melee
   (+5).
Jewellery
 f - a ring of poison resistance (left hand)
 j - an amulet of regeneration (around neck)
 l - a ring of protection from cold
 r - a ring of willpower
 A - the ring of the Bespelled Eggfruit {rElec Str-5 Dex+6 Stlth+}
   (You took it off a frost giant on level 14 of the Dungeon)

   [ring of dexterity]

   Str:       It affects your strength (-5).
   Dex:       It affects your dexterity (+6).
   rElec:     It insulates you from electricity.
   Stlth:     It makes you more stealthy.
 B - a +4 ring of protection
 J - the ring "Zodah" (right hand) {*Slow AC+4 Dex+4}
   (You found it on level 9 of the Dungeon)

   [ring of protection]

   AC:        It affects your AC (+4).
   Dex:       It affects your dexterity (+4).
   *Slow:     It may slow you when you take damage.
 O - a ring of protection from cold
 Q - an amulet of the acrobat
Wands
 e - a wand of acid (48)
 q - a wand of mindburst (65)
 C - a wand of flame (99)
 H - a wand of charming (101)
 T - a wand of digging (53)
 U - a wand of roots (47)
 W - a wand of polymorph (7)
Scrolls
 c - 4 scrolls of fear
 m - 21 scrolls of identify
 p - 3 scrolls of brand weapon
 v - 11 scrolls of fog
 w - 10 scrolls of poison
 x - 11 scrolls of teleportation
 D - 6 scrolls of blinking
 F - 9 scrolls of enchant weapon
 L - a scroll of summoning
 N - 5 scrolls of enchant armour
 Z - 7 scrolls of magic mapping
Potions
 a - a potion of cancellation
 g - a potion of might
 h - 7 potions of flight
 i - 2 potions of heal wounds
 k - 6 potions of ambrosia
 s - 4 potions of haste
 t - 6 potions of resistance
 u - 13 potions of curing
 z - 5 potions of lignification
 I - a potion of magic
 X - 2 potions of invisibility
Miscellaneous
 P - a condenser vane
 R - a phantom mirror
 V - a phial of floods


   Skills:
 + Level 24.6 Fighting
 - Level 18.0 Axes
 + Level 22.3 Armour
 - Level 21.5 Dodging
 - Level 18.6 Shields
 + Level 15.3 Evocations


You had 22 spell levels left.
You didn't know any spells.
Your spell library was empty.

Dungeon Overview and Level Annotations

Branches:
Dungeon (15/15)            Temple (0/1) D:6            Lair (5/5) D:10
  Swamp (4/4) Lair:3       Spider (4/4) Lair:2          Orc (2/2) D:10
    Elf (3/3) Orc:2        Vaults (4/5) D:14          Crypt (0/3) Vaults:2
 Depths (4/4) D:15            Zot (0/5) Depths:4    Gauntlet (visited)
  Slime: Lair:4-5

Altars:
Fedhas
Gozag
Kikubaaqudgha
Nemelex Xobeh
Okawaru
Ru
Trog
Uskayaw
Vehumet
Xom
Zin
Lugonu

Shops:
D:7 ?   D:12 (   Orc:1 **   Orc:2 *([?(   Elf:1 [[   Elf:3 (:   Vaults:1 *
Vaults:3 (   Depths:1 :=:   Depths:2 *

Portals:
Hell: Depths:1 Depths:2 Depths:3 Depths:4
Abyss: Swamp:4 Depths:3
Pandemonium: Depths:1 Depths:2 Depths:3
Ziggurat: Depths:1

Annotations:
D:11 3 runed translucent doors, Peloso's ghost, journeyman MiFi
Lair:5 4 runed translucent doors, dvd2's ghost, journeyman DsDe
Spider:2 3 runed translucent doors, raetorn's ghost, adept BaFi
Elf:2 5 runed translucent doors


Innate Abilities, Weirdness & Mutations

You have a pair of horns on your head.
You reflexively headbutt those who attack you in melee.
You are clumsy. (Dex -2)
You occasionally lose the ability to drink potions when taking damage.


Message History

You burn the flayed ghost.
The flayed ghost cries, "Feel what I felt!"
Terrible wounds spread across more of your body!
* * * LOW HITPOINT WARNING * * *
The ironbound preserver gestures wildly while chanting.
The ironbound preserver begins to accept its allies' injuries.
The vault sentinel blows a loud note on a signal horn!
The titan hits you but does no damage.
The yaktaur captain shoots a bolt.
You block the bolt.
You slice the flayed ghost!! You burn the flayed ghost.
The flayed ghost is severely damaged.
You slash the titan! You burn the titan. You block the flayed ghost's attack.
The vault sentinel blows a loud note on a signal horn!
The titan waves its arms in wide circles.
The air twists around and strikes you!
* * * LOW HITPOINT WARNING * * *
The yaktaur captain shoots a bolt.
You block the bolt.
You closely miss the flayed ghost.
The flayed ghost is severely damaged.
You slash the titan! You burn the titan. The titan hits you!
* * * LOW HITPOINT WARNING * * *
You block the flayed ghost's attack.
The yaktaur captain shoots a bolt.
The bolt misses you. The titan hits you!
* * * LOW HITPOINT WARNING * * *
You block the flayed ghost's attack.
An ironbound preserver comes into view. It is wielding a +0 dire flail.
As you read the scroll of fear, it crumbles to dust.
You assume a fearsome visage.
The ironbound preserver looks frightened!
The stone giant resists with some effort.
The titan resists with almost no effort.
The yaktaur captain looks frightened!
The vault warden looks frightened!
The red very ugly thing looks frightened!
The tentacled monstrosity resists with almost no effort.
The flayed ghost is unaffected.
The ironbound preserver looks frightened!
The deep troll looks frightened!
The flayed ghost misses you. You furiously retaliate!
You headbutt the flayed ghost! The titan hits you!!!
You feel threatened and lose the ability to drink potions!
You die...

.. ...###
##############
.....##.pp..........
#.........p.p.......
#..##..X#####.#####.
#..#TCu## ...
#..#c.## .....
#.)Cp# .###.p.
#.@W## .. c. #..##
.. ! #...# C/ #..##
#.. #.. #.. ##.


You could see a tentacled monstrosity (sheltered), 2 ironbound preservers, a
titan (sheltered), a red very ugly thing (sheltered, fleeing), a stone giant
(sheltered), a vault warden (sheltered, fleeing), a yaktaur captain (sheltered,
fleeing), a flayed ghost and a deep troll (sheltered, fleeing).

Vanquished Creatures
  Mennas (Vaults:2)
  Saint Roka (D:15)
  Vv (Depths:4)
  Parghit (Depths:3)
  Bai Suzhen (Spider:4)
  A caustic shrike (Depths:3)
  A golden dragon (Depths:4)
  Nikola (Spider:2)
  3 bone dragons
  the Enchantress (Depths:4)
  4 doom hounds
  2 tentacled monstrosities
  2 liches
  A walking crystal tome (Depths:1)
  Jorgrun (Swamp:1)
  4 hellephants
  A walking divine tome (Depths:3)
  Grunn (Depths:2)
  3 deep elf master archers
  5 deep elf blademasters
  3 sphinxes
  A thorn hunter (Swamp:4)
  A tengu reaver (Depths:3)
  A tentacled starspawn (Abyss:2)
  Frances (Elf:1)
  2 shadow dragons
  Donald (Spider:2)
  A storm dragon (Vaults:5)
  The ghost of LavenderCorpse the Eclecticist, a journeyman DjCj of Gozag (D:13)
  7 fire giants
  4 frost giants
  3 fenstrider witches (Swamp:2)
  6 deep elf sorcerers (Elf:3)
  4 emperor scorpions (Spider:4)
  A ghost moth (Spider:4)
  2 draconian scorchers (Depths:4)
  Aizul (D:14)
  Louise (Depths:3)
  A cacodemon (Abyss:2)
  4 deep elf elementalists
  18 vault wardens
  6 spriggan defenders
  16 very ugly things
  2 broodmothers (Spider:4)
  A draconian annihilator (Depths:4)
  4 reapers
  8 ironbound thunderhulks
  A vampire knight (Depths:3)
  8 war gargoyles
  19 ironbound preservers
  13 stone giants
  6 eleionomae
  A putrid mouth (Depths:1)
  4 bunyips
  5 deep elf annihilators
  13 dire elephants
  A yellow draconian (Abyss:2)
  A white draconian (Depths:4)
  6 spark wasps
  3 purple draconians (Depths:4)
  2 red draconians (Depths:4)
  6 deep elf death magi
  A blizzard demon (Depths:2)
  8 fire dragons
  7 ettins
  4 entropy weavers
  3 crystal guardians (Vaults:3)
  A shambling mangrove (Swamp:4)
  5 deep elf high priests
  5 great orbs of eyes
  13 yaktaur captains
  30 vault guards
  An ice dragon (shapeshifter) (Vaults:5)
  9 ice dragons
  4 rakshasas
  5 peacekeepers
  A catoblepas (Lair:1)
  8 spriggan air magi
  26 hydras
  9 ironbound frosthearts
  10 centaur warriors
  4 ghost crabs
  4 radroaches
  3 death knights
  15 boulder beetles
  11 dancing weapons
  2 jorogumos
  9 alligators
  3 deep troll shamans
  7 hell hogs
  4 tengu warriors
  3 two-headed ogres
  11 death yaks
  5 spriggan berserkers
  3 deep troll earth magi
  2 vampire magi
  Sonja (D:12)
  3 orc high priests (Orc:2)
  17 spriggans
  14 deep elf knights
  3 iron trolls
  2 sixfirhies
  2 sun moths
  A skeletal warrior (D:13)
  65 deep trolls
  7 goliath frogs
  A shadow wraith (Vaults:5)
  A skyshark (Lair:3)
  8 pharaoh ants
  2 wretched stars (Abyss:2)
  4 flayed ghosts
  A glowing orange brain (shapeshifter) (Depths:3)
  5 swamp dragons
  3 phantasmal warriors
  4 orb spiders
  10 wizards
  5 spriggan druids
  9 steelbarb worms
  13 bog bodies
  22 deep elf archers
  4 glowing orange brains
  A lindwurm (shapeshifter) (Depths:4)
  5 orc knights
  6 necromancers
  22 ironbound convokers
  11 lindwurms
  30 deep elf pyromancers
  36 ugly things
  19 deep elf zephyrmancers
  21 wolf spiders
  3 orc sorcerers (Orc:2)
  A cyclops (D:12)
  A wolf spider (shapeshifter) (Elf:2)
  A will-o-the-wisp (Swamp:4)
  A moth of wrath (Spider:1)
  2 worldbinders (Abyss:2)
  2 manticores
  An orange demon (Abyss:2)
  18 elephants
  A black mamba (shapeshifter) (D:15)
  A torpor snail (shapeshifter) (D:15)
  6 black mambas
  A cane toad (shapeshifter) (D:15)
  11 torpor snails
  15 vault sentinels
  2 smoke demons (Abyss:2)
  5 demonic crawlers
  A gargoyle (D:11)
  An unseen horror (D:12)
  14 cane toads
  6 komodo dragons
  2 rime drakes
  3 tormentors (Depths:1)
  3 freezing wraiths
  An ice devil (Depths:2)
  An efreet (D:14)
  A tengu conjurer (D:15)
  22 yaktaurs
  A red devil (Depths:2)
  8 trolls
  6 meliai
  A polar bear (Lair:4)
  20 tarantellas
  23 hornets
  A meliai zombie (D:10)
  10 tyrant leeches
  4 large abominations
  6 raiju (Abyss:2)
  8 dream sheep
  17 blink frogs
  41 jumping spiders
  18 culicivoras
  A centaur simulacrum (D:14)
  A vampire (D:9)
  A culicivora (shapeshifter) (Depths:3)
  4 shadows
  2 air elementals
  7 wraiths
  15 water elementals
  7 wyverns
  27 slime creatures
  A yak (shapeshifter) (Vaults:5)
  Sigmund (D:5)
  A human (shapeshifter) (Depths:2)
  7 basilisks
  36 yaks
  4 fire elementals
  A steam dragon (D:9)
  6 vampire mosquitoes
  35 redbacks
  2 chaos spawn
  23 swamp worms
  4 wargs
  2 acid dragons
  17 water moccasins
  2 floating eyes
  13 swamp drakes
  18 orc warriors
  5 black bears
  An ice beast (D:5)
  8 ogres
  4 wolves (Lair:4)
  3 small abominations (Abyss:2)
  14 centaurs
  7 kobold brigands
  2 elf zombies (Elf:1)
  9 bullfrogs
  2 necrophages (D:6)
  2 gnoll sergeants
  A scorpion (shapeshifter) (Vaults:1)
  An earth elemental (Elf:1)
  3 scorpions
  7 wights
  16 killer bees
  7 electric eels
  2 howler monkeys
  3 bullfrog zombies (D:6)
  6 centaur zombies
  A human zombie (D:6)
  A jelly (D:6)
  16 orc priests
  2 hounds
  4 iguanas
  An iron imp (Abyss:2)
  33 orc wizards
  A sleepcap (D:5)
  6 hell rats (Lair:1)
  A killer bee zombie (D:6)
  3 mummies (D:6)
  A howler monkey zombie (D:10)
  22 gnolls
  7 adders
  A white imp (D:4)
  An ufetubus (D:5)
  A worm (D:3)
  A dart slug (D:1)
  64 orcs
  9 ball pythons
  11 bats
  7 endoplasms
  4 giant cockroaches
  11 goblins
  13 hobgoblins
  2 jackals (D:1)
  53 kobolds
  4 quokkas
  4 frilled lizards
  7 rats
  A lurking horror (Swamp:4)
  A starspawn tentacle (Abyss:2)
1746 creatures vanquished.

Vanquished Creatures (collateral kills)
  An eleionoma (Swamp:1)
1 creature vanquished.

Vanquished Creatures (others)
  A spriggan berserker (Swamp:4)
  A sun moth (Spider:2)
  2 bloated husks
  A spriggan (Swamp:4)
  A swamp drake (Swamp:4)
  An orc wizard (D:13)
  12 foxfires (Swamp:4)
  4 starspawn tentacles (Abyss:2)
23 creatures vanquished.

Grand Total: 1770 creatures vanquished

Notes
Turn   | Place    | Note
-------+----------+-------------------------------------------
     0 | D:1      | Funkenregen the Minotaur Berserker began the quest for the
                  | Orb.
     0 | D:1      | Reached XP level 1. HP: 19/19 MP: 0/0
    42 | D:1      | Reached XP level 2. HP: 27/27 MP: 1/1
   422 | D:1      | Reached skill level 4 in Fighting
   982 | D:1      | Reached XP level 3. HP: 26/33 MP: 2/2
  1128 | D:1      | Reached ** piety under Trog
  1643 | D:2      | Identified the +8 war axe "Muoruxen" {flame, rC+ Dex+2
                  | SInv}
  1797 | D:2      | Reached skill level 5 in Axes
  2402 | D:2      | Reached XP level 4. HP: 39/41 MP: 3/3
  2691 | D:3      | Found a shimmering altar of Xom.
  2714 | D:3      | Found a hide-covered altar of Uskayaw.
  2959 | D:3      | Reached XP level 5. HP: 47/47 MP: 4/4
  2982 | D:3      | Reached skill level 5 in Fighting
  2984 | D:3      | Reached *** piety under Trog
  3066 | D:3      | Reached XP level 6. HP: 56/56 MP: 5/5
  3806 | D:3      | Reached skill level 6 in Fighting
  3806 | D:3      | Reached **** piety under Trog
  4422 | D:4      | Reached XP level 7. HP: 63/63 MP: 6/6
  4623 | D:4      | Found an iron altar of Okawaru.
  4961 | D:4      | Found a blossoming altar of Fedhas.
  4965 | D:4      | Found a glowing silver altar of Zin.
  5068 | D:4      | Found a bloodstained altar of Trog.
  5068 | D:4      | Found a sacrificial altar of Ru.
  5184 | D:5      | Entered Level 5 of the Dungeon
  5331 | D:5      | Reached skill level 7 in Fighting
  5472 | D:5      | Reached XP level 8. HP: 73/73 MP: 7/7
  5927 | D:5      | Reached skill level 10 in Axes
  6106 | D:5      | Noticed Sigmund
  6122 | D:5      | Killed Sigmund
  6359 | D:6      | Reached skill level 8 in Fighting
  6785 | D:6      | Found a staircase to the Ecumenical Temple.
  7216 | D:6      | Found an ancient bone altar of Kikubaaqudgha.
  7237 | D:6      | Reached XP level 9. HP: 82/82 MP: 8/8
  7243 | D:6      | Reached skill level 9 in Fighting
  7367 | D:6      | Reached ***** piety under Trog
  7407 | D:6      | Found a radiant altar of Vehumet.
  8505 | D:7      | Found Kaurashre's Magic Scroll Shoppe.
  8511 | D:7      | Bought a scroll of identify for 24 gold pieces
  8511 | D:7      | Bought a scroll of identify for 24 gold pieces
  8511 | D:7      | Bought a scroll of blinking for 90 gold pieces
  8798 | D:7      | Found a sparkling altar of Nemelex Xobeh.
  8895 | D:7      | Reached skill level 10 in Fighting
  9536 | D:8      | Reached XP level 10. HP: 94/94 MP: 9/9
 10357 | D:9      | Identified the ring "Zodah" {*Slow AC+4 Dex+4}
 10404 | D:9      | Reached skill level 11 in Fighting
 10572 | D:9      | Reached skill level 15 in Axes
 11646 | D:10     | Entered Level 10 of the Dungeon
 12189 | D:10     | Found a staircase to the Orcish Mines.
 12411 | D:9      | Reached skill level 12 in Fighting
 12795 | D:10     | Reached XP level 11. HP: 99/102 MP: 10/10
 13524 | D:10     | Found an opulent altar of Gozag.
 14096 | D:10     | Found a staircase to the Lair.
 14395 | D:11     | Noticed a boulder beetle
 14541 | D:11     | Killed a boulder beetle
 14542 | D:11     | Reached skill level 13 in Fighting
 14788 | D:11     | Noticed a two-headed ogre
 14825 | Lair:1   | Entered Level 1 of the Lair of Beasts
 15109 | Lair:1   | Received a gift from Trog
 15167 | Lair:1   | Found a transporter.
 15193 | Lair:1   | Reached skill level 1 in Shields
 15380 | Lair:1   | Found a transporter.
 15387 | Lair:1   | Noticed a catoblepas
 15420 | Lair:1   | Killed a catoblepas
 15809 | Lair:1   | Noticed a lindwurm
 15828 | Lair:1   | Killed a lindwurm
 15829 | Lair:1   | Reached skill level 5 in Armour
 15894 | Lair:1   | Noticed a lindwurm
 15897 | Lair:1   | Noticed a lindwurm
 15954 | Lair:1   | Killed a lindwurm
 15955 | Lair:1   | Reached XP level 12. HP: 102/116 MP: 11/11
 16063 | Lair:1   | Reached skill level 5 in Shields
 16456 | Lair:1   | Identified the +0 plate armour of Marchoiv {rPois}
 17028 | Lair:1   | Identified the +0 helmet "Xurch" {*Corrode rPois Str+3
                  | Dex+3}
 17418 | Lair:2   | Reached skill level 14 in Fighting
 17643 | Lair:2   | Noticed a death yak
 17643 | Lair:2   | Noticed a death yak
 17658 | Lair:2   | Killed a death yak
 17660 | Lair:2   | Killed a death yak
 17709 | Lair:2   | Noticed a death yak
 17726 | Lair:2   | Noticed a death yak
 17728 | Lair:2   | Noticed a death yak
 17730 | Lair:2   | Noticed a death yak
 17732 | Lair:2   | Killed a death yak
 17763 | Lair:2   | Killed a death yak
 17770 | Lair:2   | Killed a death yak
 17774 | Lair:2   | Killed a death yak
 18483 | Lair:2   | Found a hole to the Spider Nest.
 19006 | Lair:3   | Noticed a seven-headed hydra
 19026 | Lair:3   | Reached XP level 13. HP: 85/125 MP: 12/12
 19188 | Lair:3   | Reached skill level 10 in Armour
 19326 | Lair:3   | Reached skill level 10 in Shields
 19375 | Lair:3   | Received a gift from Trog
 19443 | Lair:3   | Reached skill level 15 in Fighting
 19735 | Lair:3   | Found a staircase to the Swamp.
 21131 | Lair:4   | Identified the +0 war axe of Valour {spect, *Noise Dex+6}
 22003 | Lair:5   | Entered Level 5 of the Lair of Beasts
 22886 | Lair:5   | Noticed dvd2's ghost (journeyman DsDe)
 22907 | Lair:5   | Identified the +1 plate armour "Liexerul" {Str+6 SInv}
 22960 | Lair:5   | Reached XP level 14. HP: 136/136 MP: 13/13
 23122 | Lair:5   | Received a gift from Trog
 23139 | Lair:5   | Found a runed translucent gate.
 23143 | Lair:5   | Found a runed translucent gate.
 23144 | Lair:5   | Found a runed translucent gate.
 24036 | Lair:5   | Found a runed translucent door.
 24197 | Lair:5   | Reached skill level 16 in Fighting
 25126 | D:11     | Found a runed translucent gate.
 25129 | D:11     | Found a runed translucent gate.
 25129 | D:11     | Found a runed translucent gate.
 25131 | D:11     | Noticed Peloso's ghost (journeyman MiFi)
 25628 | Orc:1    | Entered Level 1 of the Orcish Mines
 26434 | Orc:1    | Received a gift from Trog
 26754 | Orc:1    | Found Viet's Specific Store.
 26756 | Orc:1    | Found Qyrri's General Store.
 26760 | Orc:1    | Bought a potion of heal wounds for 70 gold pieces
 27320 | Orc:2    | Entered Level 2 of the Orcish Mines
 27451 | Orc:2    | Found a staircase to the Elven Halls.
 27650 | Orc:2    | Found Luusog's Weapon Shoppe.
 28606 | Orc:2    | Found Wagoseut's Magic Scroll Shop.
 28606 | Orc:2    | Found Nuedeups's Antique Armour Emporium.
 28608 | Orc:2    | Found Opirum's Weapon Shop.
 28608 | Orc:2    | Found Lokab's Assorted Antiques.
 28614 | Orc:2    | Bought a scroll of blinking for 112 gold pieces
 28621 | Orc:2    | Bought a small diamond ring for 165 gold pieces
 28737 | D:11     | Received a gift from Trog
 29229 | D:12     | Noticed Sonja
 29244 | Abyss:1  | Found a corrupted altar of Lugonu.
 29244 | Abyss:1  | Cast into level 1 of the Abyss (Sonja)
 29249 | D:12     | Escaped the Abyss
 29389 | D:12     | Killed Sonja
 29854 | D:12     | Found Torr's Antique Weapon Emporium.
 30702 | D:13     | Found a gate leading to a gauntlet.
 30762 | Gauntlet | Entered a Gauntlet
 30762 | Gauntlet | Found a transporter.
 30762 | Gauntlet | Found a transporter.
 30769 | Gauntlet | Found a transporter.
 31070 | D:13     | Reached skill level 15 in Armour
 31302 | D:13     | Reached XP level 15. HP: 71/145 MP: 14/14
 31693 | D:13     | Found a runed translucent door.
 31693 | D:13     | Found a shimmering altar of Xom.
 31693 | D:13     | Noticed LavenderCorpse's ghost (journeyman DjCj)
 32084 | D:13     | Reached skill level 15 in Shields
 32087 | D:13     | Killed LavenderCorpse's ghost
 33621 | D:14     | Found a gate to the Vaults.
 33711 | D:15     | Entered Level 15 of the Dungeon
 33769 | D:15     | Reached skill level 17 in Fighting
 34174 | D:15     | Received a gift from Trog
 34523 | D:15     | Found a staircase to the Depths.
 35186 | Swamp:1  | Entered Level 1 of the Swamp
 36430 | Swamp:1  | Noticed Jorgrun
 36610 | Swamp:1  | Killed Jorgrun
 38610 | Swamp:2  | Noticed a fenstrider witch
 38618 | Swamp:2  | Noticed a fenstrider witch
 38627 | Swamp:2  | Paralysed by a fenstrider witch for 2 turns
 38631 | Swamp:2  | Paralysed by a fenstrider witch for 2 turns
 38641 | Swamp:2  | Killed a fenstrider witch
 38650 | Swamp:2  | Killed a fenstrider witch
 38651 | Swamp:2  | Reached XP level 16. HP: 30/157 MP: 15/15
 39964 | Swamp:2  | Found a runed translucent door.
 40997 | Swamp:3  | Reached skill level 18 in Fighting
 41551 | Swamp:4  | Entered Level 4 of the Swamp
 42767 | Swamp:4  | Found a one-way gate to the infinite horrors of the Abyss.
 43802 | Swamp:4  | Noticed a thorn hunter
 43839 | Swamp:4  | Killed a thorn hunter
 43960 | Swamp:4  | Found a corrupted altar of Lugonu.
 46997 | Swamp:4  | Reached skill level 1 in Evocations
 47152 | Swamp:4  | Got a decaying rune of Zot
 48036 | Swamp:4  | Reached XP level 17. HP: 135/166 MP: 16/16
 49054 | Spider:1 | Entered Level 1 of the Spider Nest
 49065 | Spider:1 | Reached skill level 5 in Dodging
 51818 | Spider:2 | Received a gift from Trog
 53442 | Spider:2 | Noticed Donald
 53452 | Spider:2 | Killed Donald
 53707 | Spider:2 | Noticed Nikola
 53723 | Spider:2 | Killed Nikola
 54616 | Spider:2 | Found a runed translucent gate.
 54616 | Spider:2 | Found a runed translucent gate.
 54616 | Spider:2 | Found a runed translucent gate.
 54619 | Spider:2 | Noticed raetorn's ghost (adept BaFi)
 55225 | Spider:4 | Entered Level 4 of the Spider Nest
 55394 | Spider:4 | Reached skill level 5 in Evocations
 57740 | Spider:4 | Reached skill level 10 in Dodging
 58252 | Spider:4 | Noticed Bai Suzhen
 58259 | Spider:4 | Killed Bai Suzhen
 58260 | Spider:4 | Reached XP level 18. HP: 169/173 MP: 17/17
 59758 | Spider:4 | Got a gossamer rune of Zot
 60100 | Vaults:1 | Entered Level 1 of the Vaults
 61011 | Vaults:1 | Noticed Aizul
 61036 | D:14     | Killed Aizul
 63704 | Vaults:1 | Identified the ring of the Bespelled Eggfruit {rElec Str-5
                  | Dex+6 Stlth+}
 64618 | Vaults:1 | Received a gift from Trog
 64929 | Vaults:1 | Reached skill level 19 in Fighting
 66364 | Vaults:1 | Identified the ring "Keoreofu" {Fire Str+4}
 66530 | Vaults:1 | Identified the +2 robe of the Pit {rCorr Dex+2}
 66774 | Vaults:1 | Paralysed by a great orb of eyes for 4 turns
 67798 | Vaults:1 | Found Agaw's General Store.
 68077 | Vaults:1 | Identified the +1 hand axe of Expedience {heavy, rF- rCorr
                  | Int+4 Stlth+}
 69587 | Vaults:2 | Noticed Mennas
 70627 | Vaults:2 | Killed Mennas
 70925 | Vaults:1 | Reached XP level 19. HP: 105/183 MP: 18/18
 72574 | Vaults:2 | Reached skill level 15 in Dodging
 73378 | Vaults:2 | Found a staircase to the Crypt.
 74029 | Abyss:2  | Cast into level 2 of the Abyss (a wizard)
 74098 | Abyss:2  | Lost intelligence.
 74337 | Abyss:2  | Gained mutation: You occasionally lose the ability to drink
                  | potions when taking damage. [a cacodemon]
 74341 | Abyss:2  | Gained mutation: You are clumsy. (Dex -2) [a cacodemon]
 74480 | Abyss:2  | Reached skill level 20 in Fighting
 74485 | Abyss:2  | Noticed a bone dragon
 74490 | Abyss:2  | Received a gift from Trog
 74506 | Abyss:2  | Killed a bone dragon
 74509 | Vaults:2 | Escaped the Abyss
 74864 | Vaults:1 | Paralysed by a great orb of eyes for 5 turns
 77477 | Vaults:3 | Found a crumbling gateway.
 78619 | Vaults:3 | Reached skill level 10 in Evocations
 79101 | Vaults:3 | Reached XP level 20. HP: 167/195 MP: 19/19
 80112 | Vaults:3 | Found Xoqutrut's Antique Weapon Shoppe.
 80570 | Vaults:4 | Reached ****** piety under Trog
 80822 | Vaults:3 | Received a gift from Trog
 80832 | Vaults:4 | Reached skill level 21 in Fighting
 82030 | Vaults:4 | HP: 6/198 [ironbound thunderhulk/bolt of lightning (49)]
 85398 | Elf:1    | Entered Level 1 of the Elven Halls
 85491 | Elf:1    | Found Qyxaf's Armour Boutique.
 85913 | Elf:1    | Received a gift from Trog
 85995 | Elf:1    | Paralysed by an air elemental for 1 turns
 86560 | Elf:1    | Found an ancient bone altar of Kikubaaqudgha.
 86698 | Elf:1    | Noticed Frances
 86707 | Elf:1    | Killed Frances
 86774 | Elf:1    | Found Fupikk's Armour Boutique.
 86793 | Elf:1    | Bought the +3 pair of gauntlets of War {Slay+5} for 665
                  | gold pieces
 86793 | Elf:1    | Found the +3 pair of gauntlets of War {Slay+5}
 86793 | Elf:1    | Bought a +1 pair of boots of flying for 231 gold pieces
 87507 | Elf:2    | Received a gift from Trog
 87602 | Elf:2    | Reached XP level 21. HP: 202/206 MP: 20/20
 88282 | Elf:2    | Paralysed by an air elemental for 1 turns
 88753 | Elf:2    | Identified the +5 hand axe of Popular Demand {flame, Str+3
                  | Stlth+} (Trog gifted it to you on level 2 of the Elven
                  | Halls)
 88753 | Elf:2    | Received a gift from Trog
 88757 | Elf:2    | Found a huge runed translucent gate.
 88757 | Elf:2    | Found a huge runed translucent gate.
 88757 | Elf:2    | Found a huge runed translucent gate.
 88764 | Elf:2    | Found a huge runed translucent gate.
 88764 | Elf:2    | Found a huge runed translucent gate.
 88849 | Elf:3    | Entered Level 3 of the Elven Halls
 89186 | Elf:3    | Reached skill level 22 in Fighting
 89334 | Elf:3    | Found a frozen archway.
 89449 | Elf:3    | Found Iskin's Antique Weapon Emporium.
 89453 | Elf:3    | Found Nuufemy's Book Emporium.
 90563 | Elf:3    | Identified the +11 trident "Zapsuvik" {speed, Dex+6}
 90625 | Elf:2    | Received a gift from Trog
 92902 | Elf:3    | Identified the +5 ring mail "Muluejet" {rC+}
 93232 | Elf:3    | Identified the +4 spear of Wanekosm {heavy, Int+2}
 93240 | Elf:3    | Identified the +1 ring mail of the Game of Kings {rF+}
 93246 | Elf:3    | Identified the staff of conjuration "Toxu" {Fly}
 93255 | Elf:3    | Identified the staff of earth "Toutozo" {rPois}
 93291 | Elf:3    | Identified the staff of fire "Kaddiest" {rElec rF+ Will-
                  | rCorr Str-3}
 93791 | Depths:1 | Entered Level 1 of the Depths
 94113 | Depths:1 | Noticed Saint Roka
 94139 | D:15     | Killed Saint Roka
 94689 | Depths:1 | Found a gateway to Hell.
 95001 | Depths:1 | Paralysed by a floating eye for 3 turns
 95022 | Depths:1 | Paralysed by a sphinx for 3 turns
 95268 | Depths:1 | Found a one-way gate leading to the halls of Pandemonium.
 95271 | Depths:1 | Received a gift from Trog
 95342 | Depths:1 | Found a one-way gateway to a ziggurat.
 95362 | Depths:1 | Found Fesiwoe's Book Shoppe.
 95362 | Depths:1 | Found Uculoj's Jewellery Shop.
 95363 | Depths:1 | Found Veeclirr's Book Shoppe.
 95469 | Depths:2 | Noticed Grunn
 97426 | Depths:2 | Killed Grunn
 98160 | Depths:2 | Reached XP level 22. HP: 170/181 MP: 21/21
 98165 | Depths:2 | Found Roseb's Assorted Antiques.
 98456 | Depths:2 | Bought a potion of heal wounds for 100 gold pieces
 98456 | Depths:2 | Bought a scroll of teleportation for 60 gold pieces
 98575 | Depths:2 | Identified the +4 ring mail of Kikubaaqudgha's Pride {rF+
                  | Will+ Dex+3 Stlth+}
 98996 | Depths:2 | Reached skill level 23 in Fighting
100416 | Depths:3 | Noticed Parghit
100655 | Depths:3 | Killed Parghit
100928 | Depths:3 | Noticed a caustic shrike
100939 | Depths:3 | Killed a caustic shrike
101199 | Depths:3 | Identified the +5 ice dragon scales of the Jumping Gods
                  | {Drain rElec rF- rC++ Str+5}
101200 | Depths:3 | Identified the staff of poison "Filar" {rElec rPois rN+
                  | MP+9}
101544 | Depths:3 | Noticed Louise
101548 | Depths:3 | Received a gift from Trog
101554 | Depths:3 | Paralysed by a vampire knight for 3 turns
101579 | Depths:3 | Killed Louise
101948 | Depths:3 | Identified the +1 war axe of Contradiction {drain, *Slow
                  | rPois rF+++ Will-}
103446 | Depths:4 | Entered Level 4 of the Depths
104224 | Depths:4 | Noticed Vv
104238 | Depths:4 | Killed Vv
104604 | Depths:4 | Found a gate to the Realm of Zot.
104604 | Depths:4 | Noticed a golden dragon
104644 | Depths:4 | Killed a golden dragon
105168 | Depths:4 | Identified the +1 lajatang "Acarinebane" {venom, Int+3}
105168 | Depths:4 | Identified the +7 longbow of the Crushed Songs {freeze,
                  | *Slow Int+5 SInv}
105781 | Depths:4 | Reached skill level 24 in Fighting
105784 | Depths:4 | Noticed the Enchantress
105804 | Depths:4 | Killed the Enchantress
107135 | Vaults:5 | Entered Level 5 of the Vaults
107176 | Vaults:4 | Reached XP level 23. HP: 151/229 MP: 22/22
107351 | Vaults:4 | Reached skill level 15 in Evocations
109069 | Vaults:5 | Paralysed by a sphinx for 3 turns
109314 | Vaults:5 | Paralysed by an ogre mage for 5 turns
109319 | Vaults:5 | Identified the +5 quarterstaff of Trog, Sheltering {flame,
                  | rF+ Will+}
109359 | Vaults:5 | Demolished by a titan

Illustrated notes

Levels and vault maps discovered:
D:1:      minmay_arrival_solitary_statue, layout_loops_ring
D:2:      layout_basic, chequers_serial_rivers_micro_c
D:3:      minmay_goblin_kobold_castle, layout_rooms,
          mainiacjoe_overflow_concentric_impassable,
          eat_drink_and_be_merry_uskayaw, minmay_between
D:4:      layout_loops_ring, okawaru_ov_weapons_minmay,
          gammafunk_temple_overflow_elements, nicolae_overflow_squiral,
          eino_curves_01
D:5:      layout_cave_pools, uniq_sigmund
D:6:      layout_loops_ring, lemuel_mausoleum_altar_kikubaaqudgha,
          mainiacjoe_overflow_24_doors, minmay_temple_entry_drinking_statues,
          kennysheep_generic_room_2
D:7:      layout_rooms, marbit_many_paths, serial_shops, shop, serial_curves,
          eino_curves_02, eino_curves_04, eino_curves_04, eino_curves_02
D:8:      layout_basic
D:9:      layout_gridville
D:10:     layout_cave_pools, nicolae_gozag_seed_capital,
          minmay_lair_entry_grove, orc_0_dummy, serial_undead, serial_undead_d,
          serial_undead_c, serial_undead_e, serial_undead_a
D:11:     layout_loops_ring, gammafunk_ghost_spectres
D:12:     layout_gridville, serial_shops, shop, uniq_sonja
D:13:     layout_cave_pools, ebering_ghost_xom, gauntlet_entry_generic
D:14:     layout_irregular_city, david_vaults_4
D:15:     hangedman_depths_entry_try_elsewhere_first, layout_loops_cross,
          minmay_misc_feat_room
Lair:1:   gammafunk_worm_tunnel, layout_chaotic_city, nicolae_lair_lindhole
Lair:2:   layout_roguey, nicolae_spider_entry_lesser_pyramids
Lair:3:   layout_hall_layers, nicolae_swamp_entry_splash_gauntlet,
          serial_bayou_shore_b
Lair:4:   layout_long_grid, grunt_megastairs_4
Lair:5:   wormcave, layout_loops_ring, dpeg_slime_entry_corner,
          gammafunk_ghost_icy, grunt_megastairs_5
Swamp:1:  layout_basic_swamp, evilmike_swamp_ruin_house_1, uniq_jorgrun
Swamp:2:  layout_basic_swamp, infiniplex_staircase_pool, swamp_pool2,
          nzn_swamp_weyward_sisters
Swamp:3:  layout_basic_swamp, nicolae_swamp_treefoil
Swamp:4:  swamp_basic_johnstein, layout_basic_swamp,
          amcnicky_altar_lugonu_corruption
Spider:1: nicolae_spider_jumping_over_cracks
          [nicolae_spider_jumping_sub_no_exit, nicolae_spider_jumping_sub_plain,
          nicolae_spider_jumping_sub_moat, nicolae_spider_jumping_sub_stairs]
Spider:2: layout_spider_delve, ebering_ghost_rock_garden, uniq_donald,
          uniq_nikola
Spider:3: layout_spider_delve
Spider:4: guppyfry_spider_rune, nicolae_spider_circle_web, uniq_bai_suzhen
Orc:1:    layout_caves, nicolae_specific_store
Orc:2:    grunt_orc_tribal_feast, layout_caves, serial_shops, shop, basic_altar,
          lemuel_statue_altar
Elf:1:    layout_gridlike, basic_altar, minmay_elf_necromancy, minmay_shop_star,
          uniq_frances
Elf:2:    elven_hall_of_blades_hangedman_alternative [nicolae_blade_lattice],
          layout_rooms, hangedman_elf_simple_split
Elf:3:    minmay_elf_hall, layout_gridlike, portal_ice_cave_entry_dragon,
          nicolae_wooded_promenade, serial_sigils_hangedman_clutch
Vaults:1: nicolae_vaults_big_ls, v_rooms_5, nicolae_vaults_surprise_closet,
          vaults_standard_mumra_x, nicolae_vaults_oval_intersection,
          grunt_vaults_focal, nicolae_vaults_storing_the_good_stuff,
          nicolae_vaults_trapezoid_1, nicolae_vaults_closet_pinwheel_4,
          nicolae_vaults_storage_room_doors, vaults_dpeg_ring,
          dpeg_vaults_monster_box, layout_vaults_omnigrid, serial_shops, shop,
          uniq_aizul
Vaults:2: mu_enter_wizlab_5, nicolae_vaults_little_squares_3,
          hangedman_vaults_restitches, v_misc_4, nicolae_vaults_turnstiles,
          blue_anna_dwarven_crypt, v_misc_30, nicolae_vaults_tetromino_Z_1,
          grunt_vaults_twisty, nicolae_vaults_lightning_bolt,
          vaults_mumra_hexcomb, vaults_room_hallway,
          ontoclasm_vaults_loading_screen, ontoclasm_vaults_idyll,
          dpeg_vaults_hating_casters, layout_vaults_maze_bifur, serial_shops,
          bzr_entry_safe, uniq_mennas
Vaults:3: portal_desolation_entry_ruin, nicolae_vaults_alarming,
          nicolae_vaults_trapezoid_lopsided_4, vaults_dpeg_diagonal,
          nicolae_vaults_stairing_the_circle, v_misc_3,
          nicolae_vaults_lopsided_apartments, grunt_vaults_bifocal,
          nicolae_vaults_two_Ls, v_misc_28, nicolae_vaults_little_squares_5,
          nicolae_vaults_trapezoid_lopsided_4,
          nicolae_vaults_storage_room_statues, nicolae_vaults_diamond_2,
          v_misc_3, layout_vaults_ring, serial_shops, shop
Vaults:4: nicolae_vaults_little_ls, nicolae_vaults_puzzle_piece,
          vaults_room_grid, hangedman_vaults_maws, v_alt_pattern_2,
          vaults_mumra_hex, nicolae_vaults_tetromino_T_1,
          ontoclasm_vaults_twist, vaults_dpeg_cross,
          nicolae_vaults_double_plus_1, vaults_room_fours, st_spiral_rooms,
          hangedman_vaults_stagger, v_misc_16, layout_vaults_omnibox
Vaults:5
Depths:1: layout_cave_pools, enter_ziggurat_e, rand_demon_pan_entry_8,
          hell_entry, evilmike_minifort, minmay_shop_grove,
          serial_bayou_shore_b, uniq_saint_roka
Depths:2: minmay_bloctagon, layout_cave_shapes, serial_shops, shop,
          rand_demon_pan_entry_5, pf_vacation_house_of_asmodeus, uniq_grunn
Depths:3: minmay_the_grid_plus [minmay_the_grid_outer_circle,
          minmay_the_grid_plusring, minmay_the_grid_doors, minmay_the_grid_airy,
          minmay_the_grid_prize_diamond_cup], layout_basic,
          nicolae_abyss_entry_one_way_or_another, pan_entry, grunt_hell_horde,
          minmay_misc_feat_encased, uniq_parghit
Depths:4: grunt_zot_entry_funnels, layout_gridlike, grunt_hell_entry_dis_grunt,
          amcnicky_mini_corridor_feature, beargit_elvish_explorers, uniq_vv,
          uniq_enchantress

Skill      XL: |  1  2  3  4  5  6  7  8  9 10 11 12 13 14 15 16 17 18 19 20 21 22 23 |
---------------+----------------------------------------------------------------------+-----
Axes           | 4 5 6 7 8 9 12 14 16 18 | 18.0
Fighting       | 4 5 6 7 8 10 12 13 14 15 16 17 18 19 20 21 22 24 | 24.6
Armour         | 5 9 12 15 17 19 20 21 22 | 22.3
Shields        | 4 9 12 14 17 18 | 18.6
Dodging        | 4 10 14 16 19 21 | 21.5
Evocations     | 2 6 8 10 11 13 14 15 | 15.3

Action                     |  1- 3 |  4- 6 |  7- 9 | 10-12 | 13-15 | 16-18 | 19-21 | 22-24 || total
---------------------------+-------+-------+-------+-------+-------+-------+-------+-------++-------
  Melee: Hand axe          |    72 |       |       |       |       |       |       |       ||    72
         Headbutt          |     9 |     9 |    37 |    79 |   252 |   357 |   459 |   209 ||  1411
         War axe           |    26 |    98 |   164 |   351 |   497 |       |       |   599 ||  1735
         Punch             |       |     1 |     2 |       |       |       |       |       ||     3
         Whip              |       |       |       |       |    74 |   131 |       |       ||   205
         Broad axe         |       |       |       |       |   379 |  1214 |  1542 |    42 ||  3177
 Invoke: Trog's Hand       |       |       |     1 |     4 |    14 |    18 |    11 |     8 ||    56
         Berserk           |       |       |     1 |     1 |     2 |     4 |     3 |     6 ||    17
         Brothers in Arms  |       |       |       |       |     2 |       |       |     1 ||     3
  Evoke: Wand              |       |       |       |       |     4 |       |       |       ||     4
    Use: Scroll            |     5 |     3 |     8 |    11 |     6 |    10 |     5 |     6 ||    54
         Potion            |       |       |       |     2 |     5 |    10 |     3 |     5 ||    25
   Stab: Confused          |       |       |       |       |       |     1 |       |       ||     1
 Armour: Animal skin       |    20 |       |       |       |       |       |       |       ||    20
         Ring mail         |     6 |    41 |    12 |       |       |       |       |       ||    59
         Scale mail        |       |       |    62 |    22 |       |       |       |       ||    84
         Plate armour      |       |       |       |   209 |   651 |  1005 |   538 |   251 ||  2654
         Skin              |       |       |       |       |       |    12 |       |       ||    12
  Dodge: Dodged            |    53 |    62 |    87 |   133 |   346 |   704 |   590 |   308 ||  2283
  Block: Buckler           |       |       |    10 |    68 |   270 |       |       |       ||   348
         Kite shield       |       |       |       |       |   291 |  1531 |       |       ||  1822
         Tower shield      |       |       |       |       |       |    10 |  1377 |   656 ||  2043
